 Dungeon Crawl Stone Soup version 0.17-a0-1184-gb75be8f (webtiles) character file.

7491 Zwobot the Martial Artist (level 10, -2/90 HPs)
             Began as a Centaur Monk on June 1, 2015.
             Was a Priest of Ashenzari.
             Slain by Maud
             ... wielding a +0 demon trident of flaming
              (21 damage)
             ... on level 10 of the Dungeon.
             The game lasted 00:35:51 (10848 turns).

Zwobot the Martial Artist (Centaur Monk)           Turns: 10848, Time: 00:35:51

Health: -2/90      AC: 15    Str: 14    XL:     10   Next: 95%
Magic:  10/10      EV: 18    Int:  9    God:    Ashenzari [***...]
Gold:   411        SH:  0    Dex: 20    Spells: 0 memorised, 9 levels left

rFire  . . .     SeeInvis .     z - +0 blowgun
rCold  + . .     Clarity  .     B - +1 leather armour {rPois} (curse)
rNeg   . . .     SustAt   .     (no shield)
rPois  +         Gourm    .     R - +1 helmet of the Worm {rElec MR+} (curse)
rElec  +         Spirit   .     (no cloak)
rCorr  .         Warding  .     (no gloves)
rMut   .         Stasis   .     f - +4 centaur barding (curse)
MR     +....                    h - amulet of regeneration (curse)
Stlth  +++.......               A - ring of protection from cold
                                s - +3 ring of evasion (curse)

@: agile, very quick, somewhat resistant to hostile enchantments, fairly
stealthy
A: hooves 3, deformed body, speed 2, sense surroundings 1, tough skin 3
a: Scrying, Renounce Religion


You were on level 10 of the Dungeon.
You worshipped Ashenzari.
Ashenzari was most pleased with you.
You were not hungry.

You visited 2 branches of the dungeon, and saw 11 of its levels.
You also visited: Ossuary.

You collected 543 gold pieces.
You spent 132 gold pieces at shops.

Inventory:

Hand weapons
 k - a +4 dagger of venom
 z - a +0 blowgun (weapon)
 L - the +5 hand crossbow of the Scroll {velocity, rF+ rC+ Str+2}
   (You found it on level 10 of the Dungeon)

   Any bolt fired from it inflicts extra damage.
   It affects your strength (+2).
   It protects you from fire.
   It protects you from cold.
Missiles
 c - 67 poisoned needles (quivered)
 r - 2 javelins
 D - 2 curare-tipped needles
 G - 3 throwing nets
Armour
 f - a cursed +4 centaur barding (worn)
 g - a +0 ring mail
 B - a cursed +1 leather armour of poison resistance (worn)
 R - the cursed +1 helmet of the Worm (worn) {rElec MR+}
   (You found it on level 8 of the Dungeon)

   It insulates you from electricity.
   It affects your resistance to hostile enchantments.
   It has a curse placed upon it.
Jewellery
 e - an uncursed ring of sustain attributes
 h - a cursed amulet of regeneration (around neck)
 o - an uncursed ring of stealth
 s - a cursed +3 ring of evasion (left hand)
 A - a ring of protection from cold (right hand)
 E - an uncursed ring of positive energy
 I - a cursed amulet of inaccuracy
 P - a cursed ring of teleportation
Magical devices
 w - a wand of draining (6)
 C - a wand of digging (13)
 M - a wand of polymorph (8)
Scrolls
 m - 4 scrolls of teleportation
 t - 6 scrolls of recharging
 u - a scroll of curse armour
 y - a scroll of amnesia
 F - 3 scrolls of immolation {unknown}
 H - 3 scrolls of enchant armour
 K - 2 scrolls of fog {unknown}
 Q - a scroll of fear
Potions
 d - a potion of cure mutation
 j - 3 potions of agility
 n - 2 potions of might
 q - 2 potions of brilliance
 v - 2 potions of heal wounds
 x - 8 potions of curing
Books
 p - a book of Battle

   Spells                             Type                      Level
   a - Infusion                       Charms                       1
   b - Shroud of Golubria             Charms/Translocation         2
   c - Song of Slaying                Charms                       2
   d - Spectral Weapon                Hexes/Charms                 3
   e - Regeneration                   Charms/Necromancy            3
 J - a book of the Dragon

   Spells                             Type                      Level
   a - Flame Tongue                   Conjuration/Fire             1
   b - Cause Fear                     Hexes                        4
   c - Bolt of Fire                   Conjuration/Fire             6
   d - Dragon Form                    Transmutation                7
   e - Dragon's Call                  Summoning                    9
 N - a book of Party Tricks

   Spells                             Type                      Level
   a - Summon Butterflies             Summoning                    1
   b - Apportation                    Translocation                1
   c - Tukima's Dance                 Hexes                        3
   d - Alistair's Intoxication        Transmutation/Poison         4
   e - Invisibility                   Hexes                        6
Comestibles
 b - 5 bread rations
 i - 2 beef jerkies
 l - a meat ration


   Skills:
 + Level 8.4 Fighting
 - Level 2.1(3.6) Dodging
 - Level 1.2(2.4) Stealth
 * Level 14.8 Unarmed Combat


You had 9 spell levels left.
You didn't know any spells.

Dungeon Overview and Level Annotations

Branches:
Dungeon (10/15)            Temple (1/1) D:7            Lair (0/8) D:10
    Orc: D:9-12

Altars:
Ashenzari
Dithmenos
Elyvilon
Fedhas
Gozag
Kikubaaqudgha
Nemelex Xobeh
Okawaru
Qazlal
Ru
Sif Muna
Trog
Vehumet
Xom
Yredelemnul
The Shining One

Shops:
D:4 }   D:5 [

Annotations:
D:2 Sigmund
D:5 1 exclusion
D:10 Maud


Innate Abilities, Weirdness & Mutations

You have hooves in place of feet.
Armour fits poorly on your strangely shaped body.
You cover ground very quickly.
You have extremely tough skin (AC +3).
You passively map a small area around you.


Message History

Maud burns you!
* * * LOW HITPOINT WARNING * * *
Maud barely misses you.
Wield which item (- for none, * to show all)? (? for menu, Esc to quit)
z - a +0 blowgun (weapon)
You are too injured to fight recklessly!
Firing (i - inventory. (,) - cycle):
c - 69 poisoned needles (quivered)
Press: ? - help, Shift-Dir - straight line, f/p - Maud
Aim: Maud, wielding a demon trident of flaming and wearing a plate armour (heavily wounded, lightly drained)
You shoot a poisoned needle. The poisoned needle hits Maud!
Maud is poisoned.
Maud is heavily wounded.
There is an open door here.
Firing (i - inventory. (,) - cycle):
c - 68 poisoned needles (quivered)
Press: ? - help, Shift-Dir - straight line, f/p - Maud
Aim: Maud, wielding a demon trident of flaming and wearing a plate armour (heavily wounded, poisoned, lightly drained)
You shoot a poisoned needle. The poisoned needle hits Maud!
Maud looks even sicker.
Maud is heavily wounded.
Maud hits you from afar with a demon trident of flaming!!
You die...

.###♣ *
♣..=...........#.. *
♣♣♣♣♣♣ ##############.#..
#....# #................
#....####.........###....
*
##................+......
#................###....
#................###..#.
#................†.#..#.
#######@#........#.#..#.
########.#........#.#..#.
........@#........#.#..#.
.........#........#)#..#.
,
.........#........#.####.
, , .......(.#........#.#
.. * ,
.........#*########.# ###
#......[## #.# #..
#.......# ######.# ##.


You could see Maud.

Vanquished Creatures
  A hill giant (D:9)
  A troll (D:9)
  A wyvern (D:9)
  13 yaks
  A hungry ghost (D:9)
  3 wargs (D:10)
  A water moccasin (D:7)
  A phantom (D:4)
  A black bear (D:6)
  A sky beast (D:5)
  A necrophage (D:7)
  7 ice beasts
  5 ogres
  A centaur (D:6)
  Blork the orc (D:6)
  7 giant frogs
  An elf zombie (Ossuary)
  A scorpion (D:6)
  4 wights (D:10)
  2 crimson imps
  3 centaur zombies
  A jelly (D:7)
  5 hounds
  2 centaur skeletons
  7 orc priests
  4 iguanas
  2 giant frog skeletons
  Jessica (D:3)
  9 orc wizards
  8 worker ants
  A big kobold zombie (Ossuary)
  2 mummies (Ossuary)
  A worker ant zombie (D:8)
  Robin (D:2)
  8 gnolls
  10 adders
  2 shadow imps
  A white imp (D:7)
  An adder skeleton (D:4)
  4 adder zombies
  6 worms
  5 giant geckos
  32 orcs
  A bat skeleton (D:4)
  7 giant cockroaches
  22 goblins
  21 hobgoblins
  5 jackals (D:6)
  20 kobolds
  4 quokkas
  4 ball pythons
  13 bats
  A giant gecko skeleton (D:7)
  3 giant newts
  2 goblin skeletons (D:7)
  A goblin zombie (Ossuary)
  15 hobgoblin zombies
  A jackal skeleton (D:5)
  A jackal zombie (Ossuary)
  12 kobold zombies
  9 orc zombies
  2 quokka skeletons
  16 rats
  A rat zombie (Ossuary)
331 creatures vanquished.

Vanquished Creatures (others)
  5 sheep (D:4)
5 creatures vanquished.

Grand Total: 336 creatures vanquished

Notes
Turn   | Place    | Note
--------------------------------------------------------------
     0 | D:1      | Zwobot the Centaur Monk began the quest for the Orb.
     0 | D:1      | Reached XP level 1. HP: 19/19 MP: 1/1
   309 | D:1      | Reached XP level 2. HP: 23/26 MP: 2/2
  1021 | D:2      | Reached skill level 5 in Unarmed Combat
  1021 | D:2      | Reached XP level 3. HP: 31/31 MP: 3/3
  1527 | D:2      | Noticed Robin
  1671 | D:2      | Reached XP level 4. HP: 34/38 MP: 4/4
  1853 | D:2      | Killed Robin
  2024 | D:2      | Reached skill level 6 in Unarmed Combat
  2094 | D:2      | Noticed Sigmund
  2260 | D:3      | Reached XP level 5. HP: 37/45 MP: 5/5
  2262 | D:3      | Noticed Jessica
  2475 | D:3      | Killed Jessica
  2840 | D:3      | Found an opulent altar of Gozag.
  3140 | D:4      | Reached skill level 7 in Unarmed Combat
  3148 | D:4      | Found a shimmering altar of Xom.
  3306 | D:4      | Noticed a phantom
  3306 | D:4      | Noticed a phantom
  3390 | D:4      | Reached XP level 6. HP: 38/51 MP: 6/6
  3558 | D:4      | Found Cijep's Gadget Shop.
  4125 | D:4      | Killed a phantom
  4125 | D:4      | Reached skill level 8 in Unarmed Combat
  4208 | D:5      | Entered Level 5 of the Dungeon
  4391 | D:5      | Reached XP level 7. HP: 48/57 MP: 7/7
  4627 | D:5      | Gained mutation: You passively map a small area around you. [potion of beneficial mutation]
  4733 | D:5      | Reached skill level 9 in Unarmed Combat
  4817 | D:5      | Found a shadowy altar of Dithmenos.
  4818 | D:5      | Found a basalt altar of Yredelemnul.
  5137 | D:5      | Reached skill level 10 in Unarmed Combat
  5149 | D:5      | Reached XP level 8. HP: 15/63 MP: 8/8
  5315 | D:5      | Found Yddiok's Armour Shop.
  5322 | D:5      | Bought a +1 leather armour of poison resistance for 132 gold pieces
  5857 | D:6      | Found a sand-covered staircase.
  5862 | Ossuary  | Entered an ossuary
  6130 | D:6      | Noticed Blork the orc
  6336 | D:6      | Reached skill level 11 in Unarmed Combat
  6487 | D:6      | Found a radiant altar of Vehumet.
  7045 | D:6      | Killed Blork the orc
  7649 | D:7      | Found an iron altar of Okawaru.
  7652 | D:7      | Reached XP level 9. HP: 65/71 MP: 9/9
  7711 | D:7      | Reached skill level 12 in Unarmed Combat
  7782 | D:7      | Found a white marble altar of Elyvilon.
  7856 | D:7      | Found a staircase to the Ecumenical Temple.
  7866 | Temple   | Entered the Ecumenical Temple
  7878 | Temple   | Became a worshipper of Ashenzari the Shackled
  7878 | Temple   | Acquired Ashenzari's first power
  7986 | D:7      | Found a stormy altar of Qazlal.
  8061 | D:7      | Found a glowing golden altar of the Shining One.
  8171 | D:7      | Found a sacrificial altar of Ru.
  8305 | D:8      | Reached skill level 5 in Fighting
  8470 | D:8      | Got the uncursed helmet of the Worm {rElec MR+}
  8481 | D:8      | Identified the +1 helmet of the Worm {rElec MR+} (You found it on level 8 of the Dungeon)
  9099 | D:8      | Reached skill level 13 in Unarmed Combat
  9259 | D:9      | Reached XP level 10. HP: 82/84 MP: 10/10
  9521 | D:9      | Found a shimmering altar of Xom.
  9752 | D:9      | Noticed a hill giant
  9801 | D:9      | Killed a hill giant
  9801 | D:9      | Reached skill level 14 in Unarmed Combat
 10095 | D:10     | Entered Level 10 of the Dungeon
 10497 | D:10     | Found a staircase to the Lair.
 10680 | D:10     | Got the hand crossbow of the Scroll {velocity, rF+ rC+ Str+2}
 10681 | D:10     | Identified the +5 hand crossbow of the Scroll {velocity, rF+ rC+ Str+2} (You found it on level 10 of the Dungeon)
 10709 | D:10     | Acquired Ashenzari's second power
 10828 | D:10     | Noticed Maud
 10848 | D:10     | Slain by Maud

Vault maps used:
D:1:      lemuel_arrival_river_bridge
D:2:      uniq_sigmund, uniq_robin
D:3:      lemuel_crystal_altar, minmay_unequal, uniq_jessica
D:4:      kb_xom_exploding_sheep, first_bread, serial_shops, shop_statue,
          kennysheep_opposing_triangles
D:5:      gammafunk_temple_overflow_pools, serial_shops, shop,
          uniq_crazy_yiuf_cottage
D:6:      lemuel_crystal_altar, lightli_ossuary_entry_decrepit_ruins,
          uniq_blork_the_orc
D:7:      nicolae_tso_besieged_by_evil, nicolae_ru_awakened_eye,
          nicolae_overflow_crystal_walls, kennysheep_mini,
          minmay_temple_entry_water_ring, okawaru_altar_gauntlet_db
D:9:      basic_altar
D:10:     erik_lair_orcish_takeover, hangedman_tree_tricks, uniq_maud
Temple:   eino_wide_crystal_templ_10
Ossuary:  ossuary_tomb_1

Action                   |  1- 3 |  4- 6 |  7- 9 | 10-12 || total
-------------------------+-------+-------+-------+-------++-------
Melee: Unarmed           |   122 |   246 |   589 |   205 ||  1162
       Dagger            |     7 |     2 |       |       ||     9
 Fire: Blowgun           |       |     4 |       |    12 ||    16
Throw: Javelin           |       |       |     1 |     2 ||     3
Evoke: Wand              |       |       |       |     2 ||     2
  Use: Scroll            |       |     8 |     9 |     6 ||    23
       Potion            |       |       |     2 |     1 ||     3
 Stab: Sleeping          |       |     8 |     5 |     1 ||    14
       Distracted        |       |       |     1 |       ||     1
  Eat: Chunk             |     1 |     8 |    14 |     5 ||    28
       Pizza             |       |       |     1 |       ||     1
